 Dungeon Crawl Stone Soup version 0.31.0 (webtiles) character file.

Game seed: 1445749105065478042

64 qw the Skirmisher (level 4, -4/27 HPs)
             Began as a Gargoyle Hunter on Jan 19, 2024.
             Slain by Sigmund
             ... wielding a +0 scythe
              (6 damage)
             ... on level 1 of the Dungeon.
             The game lasted 00:00:06 (1431 turns).

qw the Skirmisher (Gargoyle Hunter)                 Turns: 1431, Time: 00:00:07

Health: -4/27      AC:  7    Str: 15    XL:     4   Next: 12%
Magic:  0/4        EV: 11    Int:  9    God:
Gold:   89         SH:  0    Dex: 15    Spells: 3/3 levels left

rFire   . . .        a - +1 shortbow
rCold   . . .        (shield currently unavailable)
rNeg    + . .        c - +0 leather armour
rPois   inf          (no helmet)
rElec   +            (no cloak)
rCorr   .            (no gloves)
SInv    .            i - +0 pair of boots
Will    .....        k - amulet of guardian spirit
Stlth   ++           (no ring)
HPRegen 0.24/turn    (no ring)
MPRegen 0.09/turn

%: guardian spirit
@: no status effects
A: sickness immunity, AC +3, negative energy resistance 1, electricity
resistance, torment resistance 1, petrification resistance
a: no special abilities


You were on level 1 of the Dungeon.
You visited 1 branch of the dungeon, and saw 2 of its levels.

You collected 89 gold pieces.


Innate Abilities, Weirdness & Mutations

You are immune to sickness and miasma.
Your stone body is resilient. (AC +3)
You are immune to poison.
You resist negative energy. (rN+)
You are resistant to electric shocks. (rElec)
You are resistant to unholy torment.
You are immune to petrification.


   Skills:
 + Level 2.3 Fighting
 - Level 10.3 Ranged Weapons
 - Level 1.5 Dodging
 - Level 1.1 Stealth


You had 3 spell levels left.
You didn't know any spells.
Your spell library was empty.

Inventory:

Hand Weapons
 a - a +1 shortbow (weapon)
Armour
 c - a +0 leather armour (worn)
 i - a +0 pair of boots (worn)
Jewellery
 k - an amulet of guardian spirit (around neck)
Potions
 h - a potion of curing
 j - a potion of berserk rage {unknown}

Dungeon Overview and Level Annotations

Branches:
Dungeon (2/15)

Altars:

Shops:
D:1 [

Annotations:
D:2 Sigmund


Message History

Something completely misses you. Something hits you.
Deactivating autopickup; reactivate with Ctrl-A.
Autopickup is now on.
You start resting.
Something hits you.
Deactivating autopickup; reactivate with Ctrl-A.
Autopickup is now on.
1421 ||| FLEEEEING.
Something hits you!
Deactivating autopickup; reactivate with Ctrl-A.
Autopickup is now on.
There is a stone staircase leading up here.
1423 ||| STAIRDANCE Something hits you but does no damage.
Deactivating autopickup; reactivate with Ctrl-A.
You climb upwards.
Reactivating autopickup.
There is a stone staircase leading down here.
Things that are here:
a potion of attraction; a potion of brilliance You start resting.
Something hits you but does no damage.
Deactivating autopickup; reactivate with Ctrl-A.
Autopickup is now on.
You start resting.
Something hits you.
Deactivating autopickup; reactivate with Ctrl-A.
Autopickup is now on.
You start resting.
Something hits you!
Deactivating autopickup; reactivate with Ctrl-A.
Autopickup is now on.
You start resting.
You hear some strange, mumbled words.
Deactivating autopickup; reactivate with Ctrl-A.
Something tries to affect you, but you resist.
You shoot an arrow. Something hits you!
You die...

.#.##.#### #.# #.##PPP# ###.#
##.##....###.# #.##P~~# #.#
#...........# #...~P~#####.#
######...##..# #.#####~PP...#
.....'...##..# #.# #PP~##.#
######...##..######.### #~~P##.#
..................#...# #.##PP~#
#################.....###.##~~P#
................@.#.........P~~#
#####.########..{.##.###########
#.......####.....#
#.............####
#........###.##
######.....%.###.#
.....'........##.#
...###........##.# ...#
#........##.################


There were no monsters in sight!

Vanquished Creatures
  2 ball pythons
  7 bats
  2 endoplasms
  5 goblins
  3 hobgoblins
  4 jackals (D:2)
  A kobold (D:1)
  2 frilled lizards (D:1)
  4 rats
30 creatures vanquished.

Notes
Turn   | Place    | Note
-------+----------+-------------------------------------------
     0 | D:1      | qw the Gargoyle Hunter began the quest for the Orb.
     0 | D:1      | Reached XP level 1. HP: 12/12 MP: 1/1
     0 | D:1      | 0 ||| qw: Version: 0.3-a-132-g3d54051
     0 | D:1      | 0 ||| qw: Game counter: 205
     0 | D:1      | 0 ||| qw: Melee chars always use a shield: true
     0 | D:1      | 0 ||| qw: God list: Okawaru
     0 | D:1      | 0 ||| qw: Allow faded altars: false
     0 | D:1      | 0 ||| qw: Do Orc after clearing Dungeon:15 true
     0 | D:1      | 0 ||| qw: Do second Lair branch before Depths: true
     0 | D:1      | 0 ||| qw: Lair rune preference: random
     0 | D:1      | 0 ||| qw: Goals: Normal
     0 | D:1      | 0 ||| PLANNING D:1-11
    94 | D:1      | Found Negg's Antique Armour Emporium.
   116 | D:1      | 116 ||| SHOPLISTING dyed leather armour (160 gold, have
                  | 12).
   116 | D:1      | 116 ||| SHOPLISTING pair of gloves (144 gold, have 12).
   116 | D:1      | 116 ||| SHOPLISTING ring mail (128 gold, have 12).
   224 | D:1      | Reached XP level 2. HP: 17/17 MP: 2/2
   762 | D:1      | 762 ||| UPGRADING to +0 pair of boots.
   767 | D:1      | 767 ||| READING scroll labelled MEHECW JYWAL.
   868 | D:1      | 868 ||| READING scroll labelled LIOVY LOGHOERU.
   969 | D:1      | 969 ||| READING scroll labelled SECEUN BANE.
   969 | D:1      | 969 ||| IDENTIFYING blue potion
   970 | D:1      | 970 ||| DRINKING potion of experience.
   970 | D:1      | Reached skill level 10 in Ranged Weapons
   970 | D:1      | Reached XP level 3. HP: 21/21 MP: 3/3
   971 | D:1      | 971 ||| DRINKING 2 golden potions.
   972 | D:1      | 972 ||| DROPPING scroll of butterflies.
  1077 | D:2      | 1077 ||| FLEEEEING.
  1148 | D:2      | Reached XP level 4. HP: 26/26 MP: 4/4
  1156 | D:2      | Noticed Sigmund
  1175 | D:2      | HP: 5/27 [something (3)]
  1176 | D:2      | 1176 ||| FLEEEEING.
  1177 | D:2      | HP: 1/27 [something/magic dart (5)]
  1187 | D:2      | 1187 ||| FLEEEEING.
  1189 | D:2      | 1189 ||| STAIRDANCE
  1285 | D:1      | 1285 ||| UPGRADING to amulet of guardian spirit.
  1290 | D:1      | 1290 ||| READING scroll of identify.
  1290 | D:1      | 1290 ||| IDENTIFYING glowing sapphire potion
  1291 | D:1      | 1291 ||| READING scroll labelled UHYXOM JIHEF.
  1291 | D:1      | 1291 ||| ENCHANTING +0 shortbow.
  1292 | D:1      | 1292 ||| READING scroll labelled AROGEE KYECVEQ.
  1293 | D:1      | 1293 ||| DRINKING 2 viscous ruby potions.
  1294 | D:1      | 1294 ||| DROPPING potion of brilliance.
  1295 | D:1      | 1295 ||| DROPPING potion of attraction.
  1301 | D:2      | 1301 ||| STAIRDANCE
  1321 | D:2      | 1321 ||| STAIRDANCE
  1341 | D:2      | 1341 ||| STAIRDANCE
  1372 | D:2      | 1372 ||| STAIRDANCE
  1409 | D:2      | 1409 ||| STAIRDANCE
  1411 | D:1      | 1411 ||| DRINKING 2 potions of curing.
  1411 | D:1      | 1411 ||| (to cure confusion)
  1414 | D:2      | 1414 ||| Stepping randomly (disturbance).
  1415 | D:2      | 1415 ||| Stepping randomly (disturbance).
  1416 | D:2      | 1416 ||| Stepping randomly (disturbance).
  1417 | D:2      | 1417 ||| Stepping randomly (disturbance).
  1421 | D:2      | 1421 ||| FLEEEEING.
  1423 | D:2      | 1423 ||| STAIRDANCE
  1428 | D:1      | HP: 1/27 [something (6)]
  1431 | D:1      | Slain by Sigmund

Levels and vault maps discovered:
D:1:      psy_arrival_conway, layout_basic, serial_shops, shop, serial_curves,
          eino_curves_03, eino_curves_04
D:2:      layout_basic, uniq_sigmund

Skill      XL: |  1  2 |
---------------+-------+-----
Ranged Weapons | 10 | 10.3
Fighting       | |  2.3
Dodging        | |  1.5
Stealth        | |  1.1

Action                     |  1- 3 |  4- 6 || total
---------------------------+-------+-------++-------
   Fire: Shortbow          |    61 |    45 ||   106
    Use: Scroll            |     3 |     3 ||     6
         Potion            |     2 |     2 ||     4
 Armour: Leather armour    |     8 |    39 ||    47
  Dodge: Dodged            |     9 |    15 ||    24

Table legend:
 A = Non-vault XP
 B = Vault XP
 C = Vault XP percentage of total XP
 D = Non-vault monster count
 E = Vault monster count
 F = Vault count percentage of total count
                 A         B        C        D         E       F
            +---------+---------+-------+---------+---------+-------
      Total |      50 |       0 |   0.0 |      30 |       0 |   0.0
            +---------+---------+-------+---------+---------+-------
        D:1 |      28 |       0 |   0.0 |      17 |       0 |   0.0
        D:2 |      22 |       0 |   0.0 |      13 |       0 |   0.0
            +---------+---------+-------+---------+---------+-------
